Unix xNetHack Version 8.0.0 - last build Jan 14 2024 16:46:22 (be4d3c81716514284228e1a23197c27ddb32b841). Game began 2024-02-27 14:52:19, ended 2024-02-27 15:53:22. nmlkj, chaotic male human Wizard -.-- ------ ....|--....-- -....|....)..| ............|%-- -....--.---|).-- ...... ----%------- #-..-- ..... .----....| |.-..-- ..........-- |.....-- ..........-- --..%.|# .......--..| ---..# .%.))..|---- |..| ......-- |.-- ...)...- |.|--- ....... |.|-.--- ..... ---|.|..@.| ... |..|.|...s| |.......... --........ ---..|.- ----- Nmlkj the Thaumaturge St:9 Dx:15 Co:13 In:18 Wi:10 Ch:13 Chaotic S:2952 Dlvl:8 $:266 HP:0(48) Pw:41(58) AC:4 Xp:6/584 T:1555 Latest messages: The spell hits the dwarf! You kill the dwarf! There are several objects here. You are hit by a copper arrow! There is a dwarf corpse here; eat it? [ynq] (n) y This dwarf corpse tastes gamey. You are hit by a copper arrow! You stop eating the dwarf corpse. In what direction? n The spell hits it. You kill it! There is a partly eaten dwarf corpse here; eat it? [ynq] (n) y You resume your meal. You stop eating the dwarf corpse. In what direction? k The spell hits the gnome lord! You don't have enough energy to cast that spell. You kill the gnome lord! There are several objects here. There is a gnome lord corpse here; eat it? [ynq] (n) y This gnome lord corpse tastes terrible! You stop eating the gnome lord corpse. You kill the gnome! There are several objects here. There are several objects here. Really save? [yn] (n) y Saving... Restoring save file... Hello nmlkj, the human Wizard, welcome back to xNetHack! You miss the giant spider. The giant spider bites! You miss the giant spider. The giant spider bites! The giant spider bites! You bash the giant spider! The giant spider bites! You die... Inventory: Inventory: 219/600 weight (17/52 slots) Coins $ - 266 gold pieces {3} Weapons u - 8 blessed +0 copper darts {8} w - a +0 dagger {10} r - a +0 platinum dagger {15} a - a blessed +1 quarterstaff (weapon in hands) {40} Armor j - a blessed +1 dwarvish helm (being worn) {30} k - an uncursed +0 pair of dwarvish boots (being worn) {38} b - an uncursed +0 cloak of magic resistance (being worn) {8} Scrolls t - 2 uncursed scrolls of identify {10} l - an uncursed scroll of remove curse {5} o - a blessed scroll of water {5} Potions n - an uncursed potion of restore ability {20} Tools g - an uncursed blindfold {2} s - an uncursed credit card {1} v - an uncursed oil lamp (lit) {20} q - an uncursed wax candle {2} Gems/Stones p - an uncursed worthless piece of orange glass {1} m - an uncursed worthless piece of red glass {1} Nmlkj the Wizard's attributes: Background: You were a Thaumaturge, a level 6 male human Wizard. You were chaotic, on a mission for Anhur who was opposed by Ptah (lawful) and Thoth (neutral). You were heterosexual. You were in the Gnomish Mines, on level 8. You entered the dungeon 1555 turns ago. You had 584 experience points, 56 more were needed to attain level 7. Your score was 2952 before end-of-game adjustments. Basics: You had 0 out of 48 hit points. You had 41 out of 58 energy points (spell power). Your armor class was 4. Your wallet contained 266 zorkmids. Autopickup was on for '$' plus thrown. Final Characteristics: Your strength was 9 (limit:18/100). Your dexterity was 15 (limit:18). Your constitution was 13 (limit:18). Your intelligence was 18 (limit:18). Your wisdom was 10 (limit:18). Your charisma was 13 (limit:18). Final Status: You were not hungry. You were unencumbered. You were wielding a quarterstaff. You had basic skill with quarterstaff. Final Attributes: You were devoutly aligned. You were magic-protected. You were warded. You are dead. Miscellaneous: You disabled loading of bones levels. Total elapsed playing time was 22 minutes and 39 seconds. Major events: Turn 1: nmlkj the chaotic male human Wizard entered the dungeon 313: entered the Gnomish Mines 328: attained the rank of Conjurer (level 3) 1257: attained the rank of Thaumaturge (level 6) 1555: killed by a giant spider Vanquished creatures: a giant spider 7 gnome leaders a gnomish wizard a kitten 10 dwarves a wererat a hobbit 39 gnomes a gnome zombie 2 goblins a grid bug a kobold zombie 4 newts 70 creatures vanquished. No species were genocided or became extinct. Voluntary challenges: You were illiterate. You never genocided any monsters. You never polymorphed an object. You never changed form. You never touched an artifact. You used no wishes. You never scared an enemy with impunity. You were celibate. You never generated conflict. Achievements: You entered the Gnomish Mines. You attained the rank of Conjurer. You attained the rank of Thaumaturge. You entered a shop. Dungeon overview: The Dungeons of Doom: levels 1 to 2 Level 1: A sink. Level 2: A sink. Stairs down to The Gnomish Mines. The Gnomish Mines: levels 3 to 8 Level 3: Level 4: Level 5: Level 6: Some shops, an altar to Anhur, some fountains. Level 7: Level 8: <- You were here. Final resting place for you, killed by a giant spider. Game over: __________ / \ / REST \ / IN \ / PEACE \ / \ | nmlkj | | 266 Au | | killed by a | | giant spider | | | | | | 2024 | *| * * * | * _________)/\\_//(\/(/\)/\//\/|_)_______ Goodbye nmlkj the Wizard... You died in The Gnomish Mines on dungeon level 8 with 2926 points, and 266 pieces of gold, after 1555 moves. You were level 6 with a maximum of 48 hit points when you died.